 Dungeon Sprint DCSS version 0.17-a0-1667-g4ca74a1 (webtiles) character file.

2065 Kidiri the Covert (level 9, -17/38 (39) HPs)
             Began as a Spriggan Enchanter on Aug 17, 2015.
             Was an Initiate of Dithmenos.
             Killed from afar by a death drake (18 damage)
             ... with a foul vapour
             ... in the Dungeon (Sprint II: "The Violet Keep of Menkaure").
             The game lasted 00:06:26 (647 turns).

Kidiri the Covert (Spriggan Enchanter)               Turns: 647, Time: 00:06:27

HP:   -17/38 (39)   AC:  3    Str:  4    XL:     9   Next: 5%
MP:   17/25         EV: 30    Int: 20    God:    Dithmenos [......]
Gold: 551           SH:  0    Dex: 19    Spells: 5 memorised, 18 levels left

rFire  . . .     SeeInvis +     a - +1 dagger
rCold  . . .     Clarity  .     b - +1 robe
rNeg   . . .     SustAt   .     (shield restricted)
rPois  .         Gourm    .     (helmet restricted)
rElec  .         Spirit   .     (no cloak)
rCorr  .         Warding  .     (gloves unavailable)
rMut   .         NoTele   +     (boots unavailable)
MR     +....                    (no amulet)
Stlth  +++++++...               l - ring of invisibility
                                k - +3 ring of intelligence

@: lethally poisoned (-17 -> -107), very slightly contaminated,
non-regenerating, badly diseased, slowed, quick, somewhat resistant to hostile
enchantments, extremely stealthy
A: unfitting armour, see invisible, herbivore 3, speed 3, slow metabolism 2
a: Renounce Religion, Evoke Invisibility


You were in the Dungeon.
You worshipped Dithmenos.
Dithmenos was noncommittal.
You were not hungry.

You visited 1 branch You collected 1053 gold pieces.
You spent 502 gold pieces at shops.

Inventory:

Hand weapons
 a - a +1 dagger (weapon)
Armour
 b - a +1 robe (worn)
Jewellery
 k - a +3 ring of intelligence (left hand)
 l - a ring of invisibility (right hand)
Scrolls
 c - a scroll of magic mapping {unknown}
 j - a scroll of blinking
Potions
 g - a potion of haste
 h - 2 potions of magic
 i - a potion of berserk rage
Comestibles
 d - a bread ration


   Skills:
 + Level 7.1 Short Blades
 * Level 13.0 Dodging
 * Level 14.4 Stealth
 * Level 11.1 Spellcasting
 + Level 4.3 Conjurations
 + Level 8.7 Hexes
 + Level 4.8 Ice Magic
 + Level 0.6 Invocations
 + Level 4.2 Evocations


You had 18 spell levels left.
You knew the following spells:

 Your Spells              Type           Power        Failure   Level  Hunger
a - Corona                Hex            #####..      1%          1    None
b - Ensorcelled Hibernat  Hex/Ice        #####.       1%          2    None
c - Confuse               Hex            #####...     1%          3    None
d - Tukima's Dance        Hex            #####...     1%          3    None
e - Dazzling Spray        Conj/Hex       #####...     1%          3    None


Dungeon Overview and Level Annotations

Branches:
Dungeon (1/1)

Altars:
Cheibriados
Dithmenos
Elyvilon
Fedhas
Gozag
Kikubaaqudgha
Makhleb
Nemelex Xobeh
Okawaru
Qazlal
Ru
Sif Muna
Trog
Vehumet
Xom
Yredelemnul
Zin
The Shining One
Beogh
Jiyva
Lugonu

Shops:
D ==:[[?([!!%::}[[

Annotations:
D exclusion: oklob plant, Roxanne


Innate Abilities, Weirdness & Mutations

You are tiny and cannot use many weapons and most armour.
You have supernaturally acute eyesight.
You are a herbivore.
You cover ground extremely quickly.
You need consume almost no food.


Message History

You barely miss the death drake.
The death drake is moderately wounded.
* * * LOW HITPOINT WARNING * * *
You feel very sick.
Unknown command.
You completely miss the death drake.
The death drake is severely wounded.
* * * LOW HITPOINT WARNING * * *
You feel very sick. The death drake misses you. x2
Unknown command.
You closely miss the death drake.
The death drake is severely wounded.
You flicker back into view.
* * * LOW HITPOINT WARNING * * *
You feel very sick. The death drake breathes miasma at you.
The foul vapour engulfs you!
You are more poisoned.
You die...

§§§≈≈≈§## §§8§§§≈≈# §§§§§§≈ §.§
§§§≈ ... ## ++#+++## ...#!##
.......# ..#..# ##+##..# #.#§k#
#.#.##.#### +.##k# |▓[($)?$?$
.##.%# ...# #^.@####▓?!!!!![?
##..####..## ##..##)#▓$))!([$?
##'###.##..# +..#..#▓!)$[)?(?
##.##...#..# #.^#%%#▓!?$[!!$$
'.<.'.#.'..####.^##%#▓$??!$!)$
##.##.).#....###...##▓▓▓▓▓▓▓+▓
##'###.##X.....≈≈≈≈≈≈≈≈≈≈≈≈≈..
#.#.####≈≈.....≈#+########+###
.###.#≈≈≈§≈§≈§§≈#.._._...#≈§§##


You could see 2 death drakes.

Vanquished Creatures
  A siren (D)
  A yaktaur (D)
  3 polar bears (D)
  2 hippogriffs (D)
  A swamp drake (D)
  A wasp (D)
  A crocodile (D)
  4 brain worms (D)
  A hell rat (D)
  3 worms (D)
18 creatures vanquished.

Vanquished Creatures (others)
  A swamp drake (D)
1 creature vanquished.

Grand Total: 19 creatures vanquished

Notes
Turn   | Place    | Note
--------------------------------------------------------------
     0 | D        | Kidiri the Spriggan Enchanter began the quest for the Orb.
     0 | D        | Reached XP level 1. HP: 9/9 MP: 5/5
     4 | D        | Reached skill level 5 in Stealth
    19 | D        | Noticed Roxanne
    20 | D        | Noticed a crocodile
    28 | D        | Noticed a brain worm
    31 | D        | Killed a brain worm
    31 | D        | Reached skill level 6 in Dodging
    31 | D        | Reached skill level 7 in Stealth
    31 | D        | Reached skill level 5 in Spellcasting
    31 | D        | Reached XP level 2. HP: 13/13 MP: 6/9
    31 | D        | Reached XP level 3. HP: 16/16 MP: 6/10
    31 | D        | Reached XP level 4. HP: 21/21 MP: 7/12
    73 | D        | Learned a level 2 spell: Ensorcelled Hibernation
    77 | D        | Learned a level 3 spell: Confuse
    81 | D        | Learned a level 3 spell: Tukima's Dance
    85 | D        | Learned a level 3 spell: Dazzling Spray
    85 | D        | Noticed a brain worm
    86 | D        | Killed a brain worm
    86 | D        | Reached skill level 8 in Stealth
    86 | D        | Reached skill level 1 in Conjurations
    86 | D        | Reached skill level 5 in Hexes
    86 | D        | Reached skill level 1 in Ice Magic
    86 | D        | Reached XP level 5. HP: 24/24 MP: 12/14
    88 | D        | Noticed a brain worm
    88 | D        | Noticed a brain worm
    90 | D        | Killed a brain worm
    90 | D        | Reached skill level 9 in Stealth
    92 | D        | Killed a brain worm
    92 | D        | Reached skill level 10 in Stealth
    92 | D        | Reached XP level 6. HP: 28/28 MP: 12/17
   127 | D        | Noticed a hippogriff
   127 | D        | Noticed a hippogriff
   130 | D        | Killed a hippogriff
   130 | D        | Reached skill level 5 in Short Blades
   130 | D        | Reached skill level 11 in Stealth
   138 | D        | Killed a hippogriff
   138 | D        | Reached skill level 10 in Dodging
   138 | D        | Reached XP level 7. HP: 32/32 MP: 18/20
   148 | D        | Noticed a siren
   156 | D        | Killed a siren
   156 | D        | Reached skill level 12 in Stealth
   185 | D        | Found Fizaock's Antique Armour Boutique.
   203 | D        | Noticed an orange crystal statue
   207 | D        | Found Cusu's Antique Armour Shop.
   208 | D        | Found Esarris's Gadget Boutique.
   209 | D        | Found Esken's Book Shop.
   209 | D        | Found Izefonish's Book Shop.
   210 | D        | Found Ruixkue's Distillery.
   210 | D        | Found Newnookk's Food Boutique.
   211 | D        | Noticed a hell rat
   215 | D        | Killed a hell rat
   219 | D        | Found Suuzuavvapa's Antique Armour Shop.
   221 | D        | Found Xomalona's Distillery.
   222 | D        | Found Akoyqe's Antique Weapon Shop.
   222 | D        | Found Jagivexa's Magic Scroll Boutique.
   223 | D        | Noticed a yak
   226 | D        | Found Loonaqygh's Antique Armour Shop.
   226 | D        | Found Kuleliet's Antique Armour Boutique.
   226 | D        | Noticed a yak
   226 | D        | Noticed a yak
   226 | D        | Noticed an oklob plant
   227 | D        | Found Zopued's Jewellery Shop.
   227 | D        | Found Fipnaasu's Jewellery Boutique.
   227 | D        | Found Kuimoasm's Book Shoppe.
   229 | D        | Noticed an unseen horror
   230 | D        | Noticed an unseen horror
   238 | D        | Noticed a griffon
   242 | D        | Noticed a griffon
   244 | D        | Bought a +3 ring of intelligence for 172 gold pieces
   244 | D        | Bought an uncursed ring of invisibility for 330 gold pieces
   245 | D        | Noticed a griffon
   245 | D        | Noticed a flying skull
   245 | D        | Noticed a flying skull
   279 | D        | Noticed a kraken
   291 | D        | Noticed a crocodile
   292 | D        | Found a corrupted altar of Lugonu.
   293 | D        | Found a bloodstained altar of Trog.
   293 | D        | Found a radiant altar of Vehumet.
   293 | D        | Found an ancient bone altar of Kikubaaqudgha.
   294 | D        | Found a roughly hewn altar of Beogh.
   294 | D        | Found a burning altar of Makhleb.
   294 | D        | Found a glowing golden altar of the Shining One.
   295 | D        | Found a shimmering altar of Xom.
   295 | D        | Found a basalt altar of Yredelemnul.
   295 | D        | Found an iron altar of Okawaru.
   295 | D        | Found a white marble altar of Elyvilon.
   296 | D        | Found a blossoming altar of Fedhas.
   296 | D        | Found an opulent altar of Gozag.
   296 | D        | Found a stormy altar of Qazlal.
   296 | D        | Found a viscous altar of Jiyva.
   301 | D        | Found a deep blue altar of Sif Muna.
   301 | D        | Found a sparkling altar of Nemelex Xobeh.
   303 | D        | Found a sacrificial altar of Ru.
   303 | D        | Found a shadowy altar of Dithmenos.
   307 | D        | Noticed a crocodile
   312 | D        | Noticed a crocodile
   312 | D        | Killed a crocodile
   463 | D        | Noticed a yaktaur
   463 | D        | Noticed a wasp
   463 | D        | Noticed a polar bear
   468 | D        | Noticed a polar bear
   468 | D        | Noticed a polar bear
   469 | D        | Killed a polar bear
   469 | D        | Reached skill level 13 in Stealth
   469 | D        | Reached skill level 10 in Spellcasting
   469 | D        | Reached skill level 1 in Evocations
   469 | D        | Reached XP level 8. HP: 36/36 MP: 20/23
   470 | D        | Killed a polar bear
   472 | D        | Killed a polar bear
   473 | D        | Killed a wasp
   475 | D        | Killed a yaktaur
   475 | D        | Reached skill level 14 in Stealth
   490 | D        | Found a snail-covered altar of Cheibriados.
   491 | D        | Found a glowing silver altar of Zin.
   500 | D        | Noticed a flying skull
   500 | D        | Noticed a flying skull
   503 | D        | Became a worshipper of Dithmenos the Shadowed
   542 | D        | Noticed a flying skull
   620 | D        | Noticed a death drake
   620 | D        | Noticed a swamp drake
   625 | D        | Noticed a death drake
   625 | D        | Noticed a crystal guardian
   625 | D        | Noticed a swamp drake
   626 | D        | Killed a swamp drake
   626 | D        | Reached XP level 9. HP: 39/39 MP: 23/25
   643 | D        | Killed a swamp drake
   647 | D        | HP: 1/38 [poisoned by a death drake (dark miasma)]
   647 | D        | Killed from afar by a death drake

Vault maps used:
D:        the_violet_keep_of_menkaure

Action                   |  1- 3 |  4- 6 |  7- 9 || total
-------------------------+-------+-------+-------++-------
Melee: Dagger            |     3 |     5 |    26 ||    34
 Cast: Ensorcelled Hiber |       |       |     5 ||     5
       Dazzling Spray    |       |       |     3 ||     3
 Abil: Evoke Invisibilit |       |       |     3 ||     3
  Use: Potion            |       |       |     2 ||     2
 Stab: Sleeping          |     3 |     5 |     9 ||    17
       Invisible         |       |       |     3 ||     3
